 Dungeon Crawl Stone Soup version 0.18.1-8-gdd0e5ea (webtiles) character file.

65 Metae the Sneak (level 4, -3/29 HPs)
             Began as a Halfling Assassin on May 24, 2016.
             Killed from afar by an orc wizard (7 damage)
             ... with a magic dart
             ... on level 3 of the Dungeon.
             The game lasted 00:15:20 (2685 turns).

Metae the Sneak (Halfling Assassin)                 Turns: 2685, Time: 00:15:21

Health: -3/29      AC:  3    Str: 11    XL:     4   Next: 34%
Magic:  4/4        EV: 16    Int: 10    God:
Gold:   108        SH:  0    Dex: 16    Spells: 0 memorised, 3 levels left

rFire  . . .     SeeInvis .     j - +0 short sword
rCold  . . .     Gourm    .     c - +0 robe
rNeg   . . .     Faith    .     (shield restricted)
rPois  .         Spirit   .     (no helmet)
rElec  .         Dismiss  .     d - +0 cloak
rCorr  .         Reflect  .     (no gloves)
SustAt .         Harm     .     (no boots)
MR     .....                    (no amulet)
Stlth  +++.......               (no ring)
                                (no ring)

@: slowed, very slow, not resistant to hostile enchantments, fairly stealthy
A: mutation resistance 1
a: no special abilities


You were on level 3 of the Dungeon.
You were not hungry.

You visited 1 branch of the dungeon, and saw 3 of its levels.

You collected 108 gold pieces.

Inventory:

Hand Weapons
 a - a +2 dagger
 b - a +0 blowgun
 h - a +0 whip
 j - a +0 short sword (weapon)
 o - a +0 short sword
 z - a +3 quarterstaff of chaos
Missiles
 e - 17 poisoned needles (quivered)
 f - 2 curare-tipped needles
 B - 22 bolts
Armour
 c - a +0 robe (worn)
 d - a +0 cloak (worn)
 i - a +0 helmet
 l - a +0 ring mail
 n - a +0 leather armour
 u - a +1 pair of gloves
 x - a +2 pair of gloves
 A - a +0 cloak
Wands
 y - a wand of digging (19/24)
Scrolls
 k - a scroll of magic mapping {unknown}
 p - a scroll of remove curse {unknown}
 q - 2 scrolls of identify {unknown}
 s - a scroll of enchant weapon {unknown}
 v - a scroll of amnesia {unknown}
Potions
 r - a potion of degeneration {unknown}
 t - a potion of berserk rage {unknown}
Comestibles
 g - a bread ration
 m - a beef jerky
 w - a meat ration


   Skills:
 + Level 1.8 Fighting
 + Level 3.1 Short Blades
 + Level 2.3 Throwing
 + Level 3.0 Dodging
 + Level 5.0 Stealth


You had 3 spell levels left.
You didn't know any spells.

Dungeon Overview and Level Annotations

Branches:
Dungeon (3/15)

Altars:


Innate Abilities, Weirdness & Mutations

You are small and have problems with some larger weapons.
You are somewhat resistant to further mutation.


Message History

You resist with some effort. The orc wizard misses you.
You hit the orc wizard but do no damage.
The orc wizard is almost dead.
The orc wizard gestures at you while chanting.
The magic dart hits you!
* * * LOW HITPOINT WARNING * * *
The orc wizard mumbles some strange words.
The orc wizard blinks!
You start resting.
The orc wizard hits you with a dagger.
* * * LOW HITPOINT WARNING * * *
You closely miss the orc wizard.
The orc wizard is almost dead.
The orc wizard casts a spell.
The orc wizard blinks!
The orc wizard casts a spell at you. You resist with some effort.
The orc wizard gestures at you while chanting.
The magic dart hits you!
You die...

#o. #.......##.#
...#######...<...#
.# ..#....#.#####
## #.#.o#.#.#
....##.#......#
..............#
#.#.###ยง##...##
#.###.## #@# #...
#.# #### #.# ..#
###


You could see an orc wizard.

Vanquished Creatures
  Crazy Yiuf (D:2)
  A dart slug (D:1)
  4 goblins
  6 hobgoblins
  2 ball pythons
  9 bats
  5 giant newts
  4 kobolds
  4 rats
36 creatures vanquished.

Notes
Turn   | Place    | Note
--------------------------------------------------------------
     0 | D:1      | Metae the Halfling Assassin began the quest for the Orb.
     0 | D:1      | Reached XP level 1. HP: 14/14 MP: 1/1
   236 | D:1      | Reached XP level 2. HP: 15/19 MP: 2/2
  1291 | D:1      | Reached XP level 3. HP: 20/24 MP: 3/3
  2466 | D:2      | Noticed Crazy Yiuf
  2474 | D:2      | Killed Crazy Yiuf
  2474 | D:2      | Reached skill level 5 in Stealth
  2474 | D:2      | Reached XP level 4. HP: 29/29 MP: 4/4
  2685 | D:3      | Killed from afar by an orc wizard

Skill      XL: |  1  2  3  4 |
---------------+-------------+-----
Dodging        | 2 3 |  3.0
Short Blades   | 3 |  3.1
Stealth        | 5 |  5.0
Fighting       | |  1.8
Throwing       | |  2.3

Action                   |  1- 3 |  4- 6 || total
-------------------------+-------+-------++-------
Melee: Dagger            |    31 |       ||    31
       Short sword       |    80 |    22 ||   102
       Blowgun           |     1 |       ||     1
 Stab: Sleeping          |     6 |       ||     6
  Eat: Bread ration      |     1 |     1 ||     2
Armor: Robe              |    85 |     1 ||    86
Dodge: Dodged            |   229 |    19 ||   248
